Map: Ulrena

Players

Sanctify - Winner!

  • Race: Terran Terran

capac

  • Race: Terran Terran
  • League: Gold

VOD

Have the link to the VOD?

Description

Time

  • Played on: Dec. 1, 2015, 9:07 a.m.
  • Length: 13:57
Show
View Real Time Build Order
Export as new Build Order

Sanctify Terran - Winner!

Build Orders: Command Center First (CC) 

Get SALT Encoding   

  12  0:01  SCV  
  13  0:13  SCV  
  14  0:18  Supply Depot  
  14  0:25  SCV  
  15  0:40  SCV  
  16  0:58  Command Center  
  16  1:01  SCV  
  17  1:13  SCV  
  18  1:36  SCV, Command Center  
  19  1:46  Barracks  
  19  1:58  Barracks  
  19  2:09  Barracks  
  19  2:14  SCV  
  19  2:15  SCV  
  21  2:25  Refinery  
  21  2:28  SCV  
  22  2:30  SCV  
  22  2:34  Marine  
  24  2:48  Marine  
  24  2:50  SCV  
  24  2:51  Orbital Command  
  26  2:52  SCV  
  26  2:53  Marine  
  26  2:58  Marine  
  28  3:06  Orbital Command  
  28  3:13  Orbital Command  
  28  3:16  Marine  
  29  3:24  Engineering Bay  
  29  3:26  SCV  
  30  3:32  SCV  
  31  3:37  Marine  
  32  3:42  Barracks Tech Lab x2  
  32  3:46  SCV x3  
  35  3:55  Barracks Reactor  
  35  4:02  Factory  
  35  4:04  SCV  
  35  4:05  Refinery, SCV x2  
  35  4:07  Marine  
  35  4:08  Marine  
  40  4:20  Command Center  
  40  4:21  SCV  
  41  4:25  SCV x2  
  41  4:26  Marine  
  34  4:50  SCV x3  
  35  4:54  Missile Turret  
  35  4:57  Missile Turret  
  35  5:02  SCV x3  
  35  5:03  Marine x2  
  40  5:19  Starport, SCV  
  41  5:22  SCV  
  42  5:37  Orbital Command  
  42  5:40  SCV x2  
  42  5:42  Refinery  
  44  5:43  Marine x2  
  44  5:44  Refinery, Marauder  
  44  5:45  Marauder  
  44  5:46  Widow Mine  
  52  5:50  Orbital Command  
  52  5:52  SCV  
  52  5:53  SCV  
  54  5:58  Missile Turret  
  54  6:03  Missile Turret x2  
  54  6:04  SCV  
  55  6:05  SCV  
  55  6:07  Marine x2  
  55  6:09  Marine x2  
  55  6:11  SCV  
  61  6:19  SCV x2  
  61  6:20  SCV  
  64  6:26  Starport Tech Lab  
  64  6:27  Starport  
  64  6:33  Starport  
  64  6:39  SCV x3  
  68  6:40  SCV  
  68  6:46  Supply Depot  
  68  7:07  Marine, SCV x4  
  73  7:08  Supply Depot x2  
  73  7:09  Supply Depot  
  73  7:10  Supply Depot  
  73  7:11  Starport Reactor x2  
  73  7:13  Starport Tech Lab  
  73  7:17  Armory  
  73  7:19  SCV  
  73  7:20  Armory, SCV x2  
  76  7:30  Marine, Banshee, SCV  
  76  7:32  SCV x2  
  76  7:33  SCV  
  76  7:37  Supply Depot, Marine x3  
  84  7:38  Widow Mine  
  84  7:41  Banshee  
  84  7:42  SCV  
  93  7:45  SCV x2  
  93  7:50  Viking  
  93  7:51  Viking  
  99  7:53  Starport x2  
  99  7:56  Starport, SCV x2  
  99  8:04  SCV x2  
  99  8:05  Refinery, Marine x2  
  102  8:06  Marine x2  
  102  8:08  SCV  
  102  8:09  SCV  
  107  8:16  SCV  
  108  8:22  Command Center  
  108  8:23  SCV x2, Missile Turret  
  110  8:40  Medivac x2  
  114  8:45  Supply Depot  
  114  8:48  Supply Depot  
  114  8:50  Supply Depot, Terran Vehicle And Ship Armor Level 1  
  114  8:51  Supply Depot, Terran Ship Weapons Level 1  
  114  8:52  Supply Depot  
  114  8:57  Supply Depot  
  114  8:58  Starport Reactor x2  
  114  8:59  Starport Tech Lab  
  114  9:03  SCV x2  
  114  9:06  Banshee x2, SCV  
  123  9:20  Missile Turret  
  123  9:21  Refinery  
  123  9:25  Refinery  
  123  9:26  SCV x3  
  123  9:27  Marine  
  127  9:32  Viking x2  
  127  9:33  Banshee  
  127  9:36  Viking x2  
  138  9:45  Command Center  
  138  9:49  Banshee x2  
  138  9:51  Fusion Core  
  138  9:52  Refinery, SCV x3  
  147  9:53  SCV  
  147  10:14  Missile Turret  
  147  10:15  Missile Turret  
  139  10:30  SCV x4  
  139  10:32  SCV  
  139  10:35  Missile Turret x2  
  144  10:37  Missile Turret  
  144  10:41  Battlecruiser x2  
  144  10:42  Battlecruiser  
  159  10:43  Medivac  
  159  10:58  SCV x3  
  159  10:59  Planetary Fortress  
  159  11:03  SCV  
  163  11:36  Viking  
  163  11:37  Viking  
  167  11:44  SCV x2  
  167  11:45  Battlecruiser  
  167  11:46  Battlecruiser  
  181  11:48  Command Center  
  181  11:54  Missile Turret  
  181  11:55  Missile Turret  
  181  12:12  Cloaking Field  
  181  12:14  SCV x2  
  183  12:16  Battlecruiser  
  193  12:30  Battlecruiser  
  176  12:48  SCV x3  
  176  12:50  Battlecruiser  
  176  12:51  Battlecruiser  
  177  13:33  SCV x3  
Show
View Real Time Build Order
Export as new Build Order

capac Terran 

Build Orders: Liberator Opening 

Get SALT Encoding   

  12  0:01  SCV  
  13  0:13  SCV  
  14  0:17  Supply Depot  
  14  0:25  SCV  
  15  0:39  SCV  
  15  0:42  Barracks  
  16  0:46  Refinery  
  16  0:53  SCV  
  17  1:06  SCV  
  18  1:18  SCV  
  19  1:31  Marine  
  19  1:32  Supply Depot  
  20  1:33  Orbital Command  
  20  1:47  Refinery  
  20  1:50  Marine  
  21  1:54  Factory  
  21  2:01  SCV  
  22  2:13  SCV  
  22  2:14  Marine  
  24  2:27  Command Center  
  24  2:32  SCV  
  24  2:33  Marine  
  26  2:40  Starport  
  26  2:47  Factory Tech Lab  
  26  2:48  SCV  
  27  2:53  Marine  
  28  3:01  SCV  
  29  3:16  Supply Depot  
  29  3:20  Siege Tank  
  29  3:23  Medivac  
  29  3:25  Marine  
  35  3:49  SCV  
  35  3:52  Supply Depot  
  36  3:57  Barracks  
  36  3:58  Liberator  
  36  4:10  Marine  
  36  4:12  Orbital Command  
  36  4:13  SCV  
  36  4:14  Siege Tank  
  40  4:54  Marine  
  40  4:56  Siege Tank  
  44  5:09  Starport Reactor  
  44  5:13  Barracks Tech Lab  
  45  5:14  Starport  
  45  5:16  Factory  
  44  5:27  SCV x2  
  46  5:28  Barracks Reactor  
  46  5:37  Command Center  
  46  5:39  SCV  
  47  5:48  SCV  
  48  5:51  SCV  
  48  5:55  Marauder  
  51  5:57  Stimpack  
  51  6:06  Marine  
  51  6:07  Marine  
  51  6:08  Factory Tech Lab  
  53  6:17  Refinery  
  53  6:19  Refinery  
  53  6:27  Bunker, SCV  
  53  6:28  SCV  
  55  6:34  Siege Tank  
  55  6:35  Siege Tank  
  55  6:37  Marine x3  
  64  6:48  SCV  
  64  6:49  SCV  
  66  6:54  Marine  
  66  6:55  Marine x2  
  69  7:02  Starport Reactor  
  69  7:04  SCV x2  
  69  7:06  Supply Depot  
  71  7:10  Supply Depot, Medivac x2  
  75  7:34  Siege Tank x2  
  75  7:35  Marine, SCV  
  75  7:36  Marine x2  
  85  7:37  SCV  
  86  7:47  Liberator  
  86  7:48  SCV  
  86  7:49  SCV  
  88  7:53  Marine  
  89  7:59  Marine x2  
  89  8:00  SCV  
  89  8:02  Liberator  
  95  8:06  Siege Tank x2  
  95  8:11  Orbital Command  
  101  8:16  Supply Depot x2, Marine, SCV  
  106  8:21  SCV  
  106  8:24  Liberator  
  107  8:28  SCV  
  107  8:33  SCV  
  109  8:37  Marine  
  109  8:38  Marauder, SCV  
  109  8:40  SCV  
  117  8:44  Marine  
  118  8:52  Refinery  
  118  8:54  Siege Tank  
  118  8:55  Marine  
  121  8:57  Medivac  
  121  8:59  Marine  
  125  9:12  Liberator  
  125  9:24  Refinery  
  125  9:29  Supply Depot x2, Siege Tank, SCV x2  
  133  9:50  SCV x2  
  133  9:51  Supply Depot  
  135  9:53  Supply Depot, Marine x2  
  135  9:54  Siege Tank  
  135  9:55  Command Center  
  140  10:02  Cyclone  
  143  10:11  SCV  
  143  10:12  Marine x2  
  146  10:26  Cyclone  
  137  10:28  Marine  
  137  10:29  Marine  
  137  10:34  Siege Tank  
  142  10:44  Marine  
  142  10:46  Marine  
  142  10:47  Marine  
  144  10:58  Siege Tank  
  144  11:01  Liberator  
  144  11:02  Liberator  
  144  11:03  Liberator x2  
  147  11:06  Siege Tank  
  150  11:23  Marine x3  
  150  11:24  Barracks  
  165  11:28  Supply Depot  
  165  11:29  Supply Depot  
  165  11:30  Combat Shields  
  165  11:52  Liberator x3  
  165  11:53  Supply Depot, Liberator  
  165  11:54  Supply Depot  
  165  12:13  Barracks Reactor  
  177  12:16  Barracks  
  177  12:17  Supply Depot  
  177  12:19  Supply Depot  
  87  13:27  Marine x3  
  87  13:28  Marine x2  
Tags
 
Add a new tag
Caveats
  • Supply blocks, unpowered buildings, or Contaminate may cause inaccurate times.
  • Supply counts are checked every 10 seconds.